AoeStats
← [POKR]Benzunum

Oasis

509020128Analyzed
3v3 RM · 6d ago on Sep 25, 2026· 26m 44s· 6 players
Game mode
Random Map
Map size
Normal (6 player)
Population
200
Speed
Normal
Resources
Standard
Victory
Conquest
Starting age
Dark Age
Ending age
Imperial Age
RankedLock teamsTeams togetherTeam positionsShared explorationLock speedFull tech treeHidden civsTurbo modeCheats
Victory
Defeat
🇨🇴 Wei · Colombia
1241
+16
🇨🇴 Britons · Colombia
1237
+16
🇨🇴 Saracens · Colombia
1203
+18
🇦🇷 Lithuanians · Argentina
1304
-19
🇺🇸 Sicilians · United States
1239
-17
🇵🇪 Bulgarians · Peru
1188
-14
Splattcol
7:06 Loom
9:31 Feudal Age
14:41 Fletching
17:46 Double-Bit Axe
22:33 Castle Age
21:20 Padded Archer Armor
23:09 Bodkin Arrow
22:35 Crossbowman
[POKR]Benzunum
12:02 Feudal Age
11:35 Loom
17:43 Fletching
20:39 Castle Age
20:02 Double-Bit Axe
20:14 Stone Mining
22:30 Bodkin Arrow
23:20 Crossbowman
Tizon
11:01 Feudal Age
12:58 Loom
15:52 Castle Age
14:27 Double-Bit Axe
14:25 Horse Collar
15:15 Forging
16:10 Bloodlines
21:15 Scale Barding Armor
21:17 Stone Mining
23:37 Wheelbarrow
25:35 Husbandry
27:27 Hand Cart
KingCobraCar
9:53 Feudal Age
10:45 Double-Bit Axe
10:44 Horse Collar
15:55 Loom
18:33 Castle Age
16:45 Forging
17:34 Bloodlines
17:16 Gold Mining
17:58 Scale Barding Armor
19:51 Chain Barding Armor
26:12 Wheelbarrow
Carleo_Intestin
7:36 Loom
10:07 Feudal Age
10:39 Double-Bit Axe
12:19 Horse Collar
14:39 Scale Mail Armor
20:45 Forging
28:09 Castle Age
Theviper
7:05 Loom
9:44 Feudal Age
12:34 Forging
14:39 Scale Mail Armor
15:30 Arson
20:46 Double-Bit Axe
23:05 Castle Age
21:31 Horse Collar
24:26 Chain Mail Armor
24:44 Bow Saw
25:49 Iron Casting
25:26 Gambesons
Connection lost

Rejoining the realm…

Still unreachable

The connection could not be restored.

Session expired

The server has moved on; the page needs a fresh start.